 Dungeon Crawl Stone Soup version 0.27-a0-512-g57cc695410 (webtiles) character file.

Game seed: 11855132017800913211

2 jesuscristo the Sneak (level 1, 0/13 (17) HPs)
             Began as a Draconian Brigand on Mar 3, 2021.
             Slain by a necrophage (1 damage)
             ... on level 6 of the Dungeon.
             The game lasted 00:01:14 (299 turns).

jesuscristo the Sneak (Draconian Brigand)            Turns: 299, Time: 00:01:14

HP:   0/13 (17)     AC:  5    Str: 13    XL:     1   Next: 33%
MP:   1/1           EV: 11    Int: 11    God:
Gold: 6             SH:  0    Dex: 12    Spells: 0/0 levels left

rFire    . . .     SeeInvis .   a - +2 dagger
rCold    . . .     Faith    .   (no shield)
rNeg     . . .     Spirit   .   (armour unavailable)
rPois    .         Reflect  .   (helmet restricted)
rElec    .         Harm     .   b - +0 cloak
rCorr    .         Rampage  .   (no gloves)
Will     .....                  (no boots)
Stlth    ++........             (no amulet)
HPRegen  0.04/turn              (no ring)
MPRegen  0.07/turn              (no ring)

@: heavily drained
A: unfitting armour, cold-blooded, AC +4
a: no special abilities


You were on level 6 of the Dungeon.
You visited 1 branch of the dungeon, and saw 6 of its levels.

You collected 6 gold pieces.

Inventory:

Hand Weapons
 a - a +2 dagger (weapon)
Missiles
 c - 8 poisoned darts (quivered)
 d - 2 curare-tipped darts
Armour
 b - a +0 cloak (worn)
Wands
 i - a wand of digging (9)
Scrolls
 f - a scroll of identify {unknown}
 g - a scroll of enchant weapon {unknown}
 h - a scroll of enchant armour {unknown}
Potions
 e - a potion of berserk rage {unknown}


   Skills:
 + Level 2.1 Fighting
 + Level 2.0 Short Blades
 + Level 1.7 Throwing
 + Level 0.8 Dodging
 + Level 3.8 Stealth


You couldn't memorise any spells.
You didn't know any spells.
Your spell library was empty.

Dungeon Overview and Level Annotations

Branches:
Dungeon (6/15)
 Temple: D:4-7

Altars:

Shops:
D:4 =


Innate Abilities, Weirdness & Mutations

Your plain brown scales are hard. (AC +4)
You cannot fit into any form of body armour.
You are cold-blooded and may be slowed by cold attacks.


Message History

You are too injured to fight recklessly!
You are too injured to fight recklessly!
You are too injured to fight recklessly!
You are too injured to fight recklessly!
You are too injured to fight recklessly!
You are too injured to fight recklessly!
You are too injured to fight recklessly!
You are too injured to fight recklessly!
You are too injured to fight recklessly!
You are too injured to fight recklessly!
You closely miss the necrophage. The necrophage hits you.
You feel drained.
You hit the necrophage. You tail-slap the necrophage.
The necrophage is lightly damaged.
The necrophage hits you but does no damage.
You hit the necrophage.
The necrophage is moderately damaged.
You barely miss the necrophage.
The necrophage is moderately damaged.
The necrophage hits you but does no damage.
You barely miss the necrophage.
The necrophage is moderately damaged.
The necrophage hits you but does no damage.
You hit the necrophage.
The necrophage is heavily damaged.
The necrophage closely misses you.
You hit the necrophage.
Your tail-slap misses the necrophage.
The necrophage is heavily damaged.
The necrophage hits you.
* * * LOW HITPOINT WARNING * * *
You hit the necrophage.
The necrophage is severely damaged.
The necrophage hits you.
* * * LOW HITPOINT WARNING * * *
You feel drained.
You closely miss the necrophage. You tail-slap the necrophage.
The necrophage is severely damaged.
The necrophage hits you.
* * * LOW HITPOINT WARNING * * *
You feel drained.
You die...

# #.# . ...
.##.########
...#......#
#..#...##.# ##
#..###.##.# . #.n#
#.##.# # #.@#
#.##.######### #..#
#.##.......F..
#..###.############
#......# #.######
#### #. #... ..
#.## ##. #.# ## #.#


You could see a necrophage.

Vanquished Creatures
  A hobgoblin (D:1)
  A frilled lizard (D:4)
  A rat (D:1)
3 creatures vanquished.

Notes
Turn   | Place    | Note
-------+----------+-------------------------------------------
     0 | D:1      | jesuscristo the Draconian Brigand began the quest for the
                  | Orb.
     0 | D:1      | Reached XP level 1. HP: 17/17 MP: 1/1
   201 | D:4      | Found Waurazal's Jewellery Shop.
   224 | D:5      | Entered Level 5 of the Dungeon
   251 | D:6      | Noticed a bullfrog
   280 | D:6      | Noticed a necrophage
   299 | D:6      | Slain by a necrophage

Illustrated notes

Levels and vault maps discovered:
D:1:      roderic_crossed_star, layout_basic, roderic_serpentine_path
D:2:      layout_basic
D:3:      layout_loops_cross, gup_sewer_entry_glass
D:4:      layout_layer_cave, minmay_temple_entry_fiery, serial_shops,
          nicolae_shop_temple_entry_statues_fountains, nicolae_shop_stone,
          shop_statue, shop_fountains
D:5:      layout_gridville, zin_purify, makhleb_altar_promises_db, uniq_pikel
D:6:      layout_basic, chei_slow_surprise, uniq_sigmund, uniq_edmund

Action                   || total
-------------------------++-------
Melee: Dagger            ||    26
       Tailslap          ||     4
Armor: Skin              ||     6
Dodge: Dodged            ||     8

Table legend: (Time is in decaauts)
 A = Elapsed time spent in this place.
 B = Non-inter-level travel time spent in this place.
 C = Inter-level travel time spent in this place.
 D = Time resting spent in this place.
 E = Time spent auto-exploring this place.
 F = Levels seen in this place.
 G = Mean time per level.
                   A        B        C        D        E       F      G
               +--------+--------+--------+--------+--------+-----+--------+
         Total |    295 |    283 |     12 |      0 |    167 |   6 |   49.2 |
       Dungeon |    295 |    283 |     12 |      0 |    167 |   6 |   49.2 |
               +--------+--------+--------+--------+--------+-----+--------+

Top non-repeatable levels by time:
     D:2: 114 daAuts
     D:4: 54 daAuts
     D:6: 53 daAuts
     D:1: 44 daAuts
     D:5: 19 daAuts
     D:3: 8 daAuts
